 Dungeon Crawl Stone Soup version 0.29-a0-553-g81b289dbe5 (webtiles) character file.

Game seed: 13508041788709098968

3841 josh86 the Protected (level 10, 0/73 HPs)
             Began as a Meteoran Earth Elementalist on June 6, 2022.
             Was a High Priest of Uskayaw.
             Shot with a sling bullet by Joseph (12 damage)
             ... on level 8 of the Dungeon on June 7, 2022.
             The game lasted 00:55:07 (4000 turns).

josh86 the Protected (Meteoran Earth Elementalist)  Turns: 4000, Time: 00:55:08

Health: 0/73       AC:  5    Str: 16    XL:     10   Next: 67%
Magic:  6/17       EV: 18    Int: 26    God:    Uskayaw [*****.]
Gold:   222        SH:  0    Dex: 14    Spells: 7/17 levels left

rFire   + . .      SeeInvis .   h - +7 falchion of the Shining Light {drain, rPois rF+ rCorr Str+4}
rCold   . . .      Faith    .   (no shield)
rNeg    . . .      Spirit   .   b - +0 robe
rPois   +          Reflect  .   (no helmet)
rElec   .          Harm     .   (no cloak)
rCorr   +          Rampage  .   (no gloves)
Will    +....                   k - +1 pair of boots
Stlth   +.........              t - amulet of magic regeneration
HPRegen 0.22/turn               s - +4 ring of evasion
MPRegen 0.55/turn               D - +6 ring of intelligence

@: about to teleport, glowing
A: sense surroundings 2, otherworldly, glowing, explore regen
a: Renounce Religion, Stomp, Line Pass, Grand Finale


You were on level 8 of the Dungeon.
You worshipped Uskayaw.
Uskayaw was noncommittal.
You visited 2 branches of the dungeon, and saw 9 of its levels.

You collected 1399 gold pieces.
You spent 1177 gold pieces at shops.

Inventory:

Hand Weapons
 h - the +7 falchion of the Shining Light (weapon) {drain, rPois rF+ rCorr Str+4}
   (You acquired it on level 2 of the Dungeon)

   A truly terrible weapon, it drains the life of any living foe it strikes.
   Str:       It affects your strength (+4).
   rF:        It protects you from fire.
   rPois:     It protects you from poison.
   rCorr:     It protects you from acid and corrosion.
Missiles
 a - 183 stones
 v - 13 poisoned darts
 y - 2 throwing nets
 z - 5 boomerangs
Armour
 b - a +0 robe (worn)
 g - a +3 ring mail of cold resistance
 k - a +1 pair of boots (worn)
Jewellery
 s - a +4 ring of evasion (left hand)
 t - an amulet of magic regeneration (around neck)
 A - a ring of magical power
 D - a +6 ring of intelligence (right hand)
Wands
 r - a wand of acid (5)
 G - a wand of flame (19)
 H - a wand of digging (6)
Scrolls
 j - 3 scrolls of amnesia
 o - a scroll of fog
 q - a scroll of immolation
 u - 2 scrolls of teleportation
 x - a scroll of magic mapping
 B - a scroll of brand weapon
 C - a scroll of enchant weapon {unknown}
Potions
 c - 3 potions of magic
 d - 3 potions of curing {unknown}
 e - 6 potions of heal wounds
 f - 2 potions of might {unknown}
 i - a potion of attraction {unknown}
 l - 3 potions of haste
 m - 2 potions of lignification
 n - a potion of cancellation {unknown}
 p - a potion of flight {unknown}
 w - a potion of berserk rage {unknown}
 E - a potion of brilliance
 F - 2 potions of mutation


   Skills:
 - Level 2.0 Fighting
 - Level 6.0 Long Blades
 - Level 4.0 Throwing
 - Level 8.0 Armour
 - Level 6.0 Dodging
 - Level 1.4 Stealth
 - Level 4.0 Spellcasting
 - Level 7.0 Conjurations
 - Level 4.0 Transmutations
 + Level 7.9 Earth Magic
 + Level 3.3 Evocations


You had 7 spell levels left.
You knew the following spells:

 Your Spells              Type           Power      Damage    Failure   Level
a - Sandblast             Erth           92%        2d19      1%          1
b - Stone Arrow           Conj/Erth      86%        3d12      1%          3
c - Passwall              Tmut/Erth      30%        N/A       1%          2
d - Petrify               Tmut/Erth      36%        N/A       8%          4

Your spell library contained the following spells:

 Spells                   Type           Power      Damage    Failure   Level
 Wereblood                Tmut           26%        N/A       2%          2
 Slow                     Hex            20%        N/A       9%          1
 Ensorcelled Hibernation  Hex/Ice        10%        N/A       13%         2
 Sublimation of Blood     Necr           5%         N/A       13%         2
 Confusing Touch          Hex            5%         N/A       26%         3
 Swiftness                Air            5%         N/A       26%         3
 Vampiric Draining        Necr           5%         2d6       26%         3
 Summon Hydra             Summ           2%         N/A       100%        7


Dungeon Overview and Level Annotations

Branches:
Dungeon (8/15)             Temple (1/1) D:7
   Lair: D:8-11

Altars:
Cheibriados
Nemelex Xobeh
Uskayaw
Wu Jian

Shops:
D:6 *?!=

Annotations:
D:8 Joseph


Innate Abilities, Weirdness & Mutations

You passively map the area around you.
You are easily found by Zot.
You glow in the dark.
You regain HP and MP as you explore.


Message History

Press: ? - help, Q - select action, (/) - cycle Dir - look around, f - activate Look: Joseph, wielding a +0 hunting sling, wearing a +0 leather armour and quivering poisoned darts (moderately wounded, sharing his pain, susceptible)
As you read the scroll of immolation, it crumbles to dust.
The creatures around you are filled with an inner flame!
Joseph shoots a sling bullet.
The sling bullet hits you!!
Casting: Stone Arrow (safe; 1% risk of failure)
Confirm with . or Enter, or press ? or * to list all spells.
Aiming: Stone Arrow (safe; 1% risk of failure)
Press: ? - help, Shift-Dir - straight line, f - black bear, p - Joseph
Aim: a black bear (inner flame, sharing its pain, 82% to hit)
The stone arrow hits the black bear!
Flame seeps out of the elephant.
Flame seeps out of the black bear.
Flame seeps out of the elephant.
Flame seeps out of Joseph. x2; Flame seeps out of the black bear.
Flame seeps out of the elephant.
Flame seeps out of Joseph.
Flame seeps out of the black bear.
Flame seeps out of the elephant.
Flame seeps out of the black bear.
The black bear is almost dead.
The elephant is no longer sharing its pain.
Joseph is engulfed in blazing flames.
Flame seeps out of Joseph.
The black bear explodes!
The fiery explosion engulfs Joseph!
Flame seeps out of Joseph.
Joseph is severely wounded.
The elephant is engulfed in blazing flames.
Flame seeps out of the elephant.
You can now merge with and destroy a victim.
Joseph is no longer sharing his pain.
Joseph is engulfed in blazing flames.
Flame seeps out of Joseph.
As you read the scroll of teleportation, it crumbles to dust.
You feel strangely unstable.
Joseph unwields a +0 hunting sling.
Joseph wields a +0 spectral quarterstaff.
Joseph hits you with a +0 spectral quarterstaff.
* * * LOW HITPOINT WARNING * * *
Joseph attacks as you move away!
Joseph hits you with a +0 spectral quarterstaff!
* * * LOW HITPOINT WARNING * * *
Joseph says, "It's nothing personal, but I have to kill you."
Joseph unwields a +0 spectral quarterstaff.
Joseph wields a +0 hunting sling.
Joseph shoots a sling bullet.
The sling bullet hits you!
You die...

.###...## #.#* , #.#
........# #.# * #.#
........# ##.########..
,
....§.§####..#.........
, ...†.).........######
*##§Y.......>...## #
#..@............#
#...............#
#..@............#
#...............#
#...............#
#...............#
##.............##
##.....#.....##
#############


You could see an elephant (inner flame) and Joseph (inner flame).

Vanquished Creatures
  A troll (D:7)
  Sigmund (D:2)
  A wyvern (D:8)
  A steam dragon (D:8)
  An orc warrior (D:7)
  2 sky beasts (D:7)
  2 ice beasts
  An ogre (D:7)
  5 black bears
  2 centaurs (D:8)
  A gnoll sergeant (D:8)
  2 kobold brigands
  4 bullfrogs
  2 necrophages (D:6)
  4 scorpions
  4 wights (D:7)
  2 howler monkeys
  4 hounds
  3 jellies
  A gnoll shaman (D:5)
  4 orc priests
  2 iguanas
  7 orc wizards
  Robin (D:3)
  12 gnolls
  7 adders
  2 shadow imps
  2 white imps (D:5)
  2 ufetubi
  6 worms
  3 dart slugs
  20 orcs
  6 ball pythons
  6 bats
  8 endoplasms
  2 giant cockroaches (D:1)
  19 goblins
  12 hobgoblins
  2 jackals (D:4)
  12 kobolds
  8 quokkas
  2 frilled lizards
  2 rats (D:2)
191 creatures vanquished.

Vanquished Creatures (others)
  A plant (D:5)
1 creature vanquished.

Grand Total: 192 creatures vanquished

Notes
Turn   | Place    | Note
-------+----------+-------------------------------------------
     0 | D:1      | josh86 the Meteoran Earth Elementalist began the quest for
                  | the Orb.
     0 | D:1      | Reached XP level 1. HP: 14/14 MP: 5/5
    28 | D:1      | Reached XP level 2. HP: 18/20 MP: 0/6
   280 | D:1      | Reached XP level 3. HP: 27/27 MP: 4/8
   500 | D:1      | Glimpsed the power of Zot.
   516 | D:1      | Reached skill level 1 in Fighting
   548 | D:1      | Learned a level 3 spell: Stone Arrow
   550 | D:1      | Glimpsed the power of Zot.
   558 | D:2      | Learned a level 2 spell: Passwall
   679 | D:2      | Reached skill level 1 in Armour
   746 | D:2      | Noticed Sigmund
   781 | D:2      | Killed Sigmund
   782 | D:2      | Reached skill level 1 in Long Blades
   782 | D:2      | Reached skill level 1 in Conjurations
   782 | D:2      | Reached XP level 4. HP: 16/35 MP: 0/10
   782 | D:2      | Reached XP level 5. HP: 18/40 MP: 0/11
   782 | D:2      | Reached XP level 6. HP: 22/47 MP: 0/12
   949 | D:2      | Found a faded altar of an unknown god.
  1097 | D:2      | Glimpsed the power of Zot.
  1120 | D:2      | Identified a scroll of acquirement
  1120 | D:2      | Acquired the +7 falchion of the Shining Light {drain, rPois
                  | rF+ rCorr Str+4}
  1147 | D:2      | Glimpsed the power of Zot.
  1348 | D:3      | Noticed Robin
  1357 | D:3      | Killed Robin
  1358 | D:3      | Reached XP level 7. HP: 35/52 MP: 7/14
  1686 | D:3      | Glimpsed the power of Zot.
  1736 | D:3      | Glimpsed the power of Zot.
  1776 | D:3      | Glimpsed the power of Zot.
  1785 | D:3      | Glimpsed the power of Zot.
  1786 | D:3      | Touched by the power of Zot.
  2071 | D:4      | Identified the +3 scimitar "Eceg Seq" {antimagic, Str+4
                  | Int+2}
  2119 | D:4      | Reached skill level 5 in Earth Magic
  2398 | D:5      | Entered Level 5 of the Dungeon
  2518 | D:5      | Reached XP level 8. HP: 51/56 MP: 9/15
  2521 | D:5      | Reached skill level 1 in Throwing
  2753 | D:5      | Reached skill level 5 in Dodging
  2811 | D:6      | Found Inuox's Magic Scroll Shop.
  2816 | D:6      | Bought a scroll of teleportation for 36 gold pieces
  2816 | D:6      | Bought a scroll of immolation for 42 gold pieces
  2816 | D:6      | Bought a scroll of immolation for 42 gold pieces
  2816 | D:6      | Bought a scroll of enchant armour for 90 gold pieces
  2816 | D:6      | Bought a scroll of identify for 24 gold pieces
  2844 | D:6      | Found Xauhog's Assorted Antiques.
  2997 | D:6      | Gained mutation: You passively map the area around you.
                  | [Meteoran growth]
  2997 | D:6      | Reached XP level 9. HP: 58/66 MP: 3/16
  3021 | D:6      | Reached skill level 2 in Armour
  3050 | D:6      | Reached skill level 5 in Conjurations
  3119 | D:6      | Reached skill level 5 in Long Blades
  3119 | D:6      | Reached skill level 3 in Armour
  3190 | D:6      | Acquired 996 gold pieces
  3213 | D:6      | Found Odacuox's Jewellery Emporium.
  3224 | D:6      | Bought a +6 ring of intelligence for 643 gold pieces
  3245 | D:6      | Learned a level 4 spell: Petrify
  3343 | D:6      | Found Xaiquly's Distillery.
  3348 | D:6      | Bought a potion of brilliance for 60 gold pieces
  3348 | D:6      | Bought a potion of mutation for 120 gold pieces
  3348 | D:6      | Bought a potion of mutation for 120 gold pieces
  3443 | D:7      | Found a staircase to the Ecumenical Temple.
  3459 | Temple   | Entered the Ecumenical Temple
  3469 | Temple   | Became a worshipper of Uskayaw the Reveller
  3572 | D:7      | Reached * piety under Uskayaw
  3634 | D:7      | Reached ** piety under Uskayaw
  3636 | D:7      | Reached *** piety under Uskayaw
  3637 | D:7      | Reached skill level 4 in Armour
  3662 | D:7      | Reached XP level 10. HP: 42/73 MP: 14/17
  3662 | D:7      | Reached **** piety under Uskayaw
  3668 | D:7      | Reached ***** piety under Uskayaw
  3675 | D:7      | Reached skill level 5 in Armour
  3788 | D:7      | Reached skill level 6 in Armour
  3877 | D:8      | Reached skill level 7 in Armour
  3894 | D:8      | Reached skill level 8 in Armour
  3909 | D:8      | Found an ornate altar of the Wu Jian Council.
  3985 | D:8      | Noticed Joseph
  3993 | D:8      | Noticed an elephant
  4000 | D:8      | Shot with a sling bullet by Joseph

Illustrated notes

Levels and vault maps discovered:
D:1:      dpeg_arrival_lava_altar, layout_basic, minmay_tiny_reverse_x
D:2:      layout_loops_cross, shapermc_ecumenical_altar_venn, uniq_sigmund
D:3:      layout_basic, roderic_serpentine_path, uniq_robin
D:4:      layout_basic
D:5:      layout_rooms, serial_bayou_lagoon_a
D:6:      minmay_chambers_of_threes, layout_basic, serial_shops,
          nicolae_shop_advertising_works [nicolae_subvault_shop_adworks],
          kennysheep_little_box, nicolae_shop_hallway_plus,
          nicolae_shop_behind_doors
D:7:      layout_layer_cave, temple_fountains, minmay_small_thing
D:8:      layout_rooms, old_standard_altar, david_lair_generic, uniq_psyche,
          uniq_joseph
Temple:   mainiacjoe_temple_circle_huts

Skill      XL: |  1  2  3  4  5  6  7  8  9 10 |
---------------+-------------------------------+-----
Spellcasting   | 3 4 |  4.0
Fighting       | 1 2 |  2.0
Earth Magic    | 4 5 6 7 |  7.9
Armour         | 1 4 8 |  8.0
Long Blades    | 1 2 3 4 6 |  6.0
Dodging        | 3 4 5 6 |  6.0
Conjurations   | 1 2 3 4 6 7 |  7.0
Transmutations | 2 3 4 |  4.0
Throwing       | 2 4 |  4.0
Evocations     | 3 |  3.3
Stealth        | |  1.4

Action                   |  1- 3 |  4- 6 |  7- 9 | 10-12 || total
-------------------------+-------+-------+-------+-------++-------
Melee: Unarmed           |     4 |       |       |       ||     4
       Long sword        |     1 |    10 |       |       ||    11
       Falchion          |       |    44 |   104 |    19 ||   167
 Cast: Sandblast         |    49 |    16 |    29 |     3 ||    97
       Stone Arrow       |     3 |     9 |    70 |    33 ||   115
       Passwall          |       |       |    16 |       ||    16
       Petrify           |       |       |       |     1 ||     1
Invok: Line Pass         |       |       |       |     1 ||     1
Evoke: Wand              |       |       |       |     1 ||     1
  Use: Scroll            |     2 |     5 |     8 |     2 ||    17
       Potion            |       |       |       |     2 ||     2
 Stab: Paralysed         |       |       |       |     1 ||     1
Armor: Robe              |     8 |    19 |    24 |    10 ||    61
Dodge: Dodged            |    10 |    46 |    98 |    54 ||   208

Table legend: (Time is in decaauts)
 A = Elapsed time spent in this place.
 B = Non-inter-level travel time spent in this place.
 C = Inter-level travel time spent in this place.
 D = Time resting spent in this place.
 E = Time spent auto-exploring this place.
 F = Levels seen in this place.
 G = Mean time per level.
                   A        B        C        D        E       F      G
               +--------+--------+--------+--------+--------+-----+--------+
         Total |   4026 |   1088 |   2938 |      0 |     13 |   9 |  447.3 |
       Dungeon |   4006 |   1086 |   2920 |      0 |     13 |   8 |  500.8 |
        Temple |     20 |      2 |     18 |      0 |      0 |   1 |   20.0 |
               +--------+--------+--------+--------+--------+-----+--------+

Top non-repeatable levels by time:
     D:3: 666 daAuts
     D:2: 632 daAuts
     D:6: 600 daAuts
     D:4: 563 daAuts
     D:1: 553 daAuts
     D:7: 435 daAuts
     D:5: 403 daAuts
     D:8: 150 daAuts
  Temple: 20 daAuts
